[Event "41st Amateur D7"]
[Site "ChessGUI4"]
[Date "2013.07.04"]
[Round "5.3"]
[White "Shallow 1.0 64-bit"]
[Black "Butcher 1.64 64-bit"]
[Result "0-1"]
[BlackElo "2355"]
[ECO "D15"]
[EventDate "2013.??.??"]
[TimeControl "40/1500:40/1500:40/1500"]
[WhiteElo "2200"]

{ i5 Quad } 1.d4 c6 2.c4 d5 3.Nf3 Nf6 4.Nc3 a6 5.e3 b5 6.c5 g6 7.Ne5 Bg7 8.Be2 O-O 9.Bd3 Ne8
{ [%eval 49,12] [%emt 0:01: 52] (Qc7) } 10.f4
{ [%eval 20,13] [%emt 0:00:41] (f4) } 10...f6
{ [%eval 8,12] [%emt 0: 00:58] (Bb7) } 11.Nf3
{ [%eval 19,13] [%emt 0:00:41] (Ng4) } 11...e5
{ [%eval 12,11] [%emt 0:00:53] (e5) } 12.fxe5
{ [%eval 0,12] [%emt 0:00:41] (fxe5) } 12...fxe5
{ [%eval -33,11] [%emt 0:00:56] (fxe5) } 13.Nxe5
{ [%eval -17,13] [%emt 0:01:27] (Nxe5) } 13...Qg5
{ [%eval -6,11] [%emt 0:01:03] (Bxe5) } 14.Nf3
{ [%eval -3,13] [%emt 0:00:39] (Bf1) } 14...Qxg2
{ [%eval -98,14] [%emt 0:01:47] (Qxg2) } 15.Rf1
{ [%eval -6, 14] [%emt 0:00:39] (Rf1) } 15...Bg4
{ [%eval -100,11] [%emt 0:00:53] (Bg4) } 16.Rf2
{ [%eval -49,14] [%emt 0:00:39] (Be2) } 16...Qh3
{ [%eval -139,12] [%emt 0:00:57] (Qh3) } 17.Be2
{ [%eval -56,13] [%emt 0:00:39] (Be2) } 17...Ra7
{ [%eval -149,11] [%emt 0:00: 56] (Ra7) } 18.Kd2
{ [%eval -137,13] [%emt 0:00:39] (Kd2) } 18...b4
{ [%eval -232,11] [%emt 0:00:53] (b4) } 19.Na4
{ [%eval -194,13] [%emt 0:00:39] (Na4) } 19...Raf7
{ [%eval -244,11] [%emt 0:00:54] (Re7) } 20.Ng1
{ [%eval -178,14] [%emt 0:00:39] (Ng5) } 20...Rxf2
{ [%eval -231,12] [%emt 0:00:53] (Rxf2) } 21.Nxh3
{ [%eval -177,15] [%emt 0:00:39] (Nxh3) } 21...Bxh3
{ [%eval -240,12] [%emt 0:00:45] (Bxh3) } 22.Qb3
{ [%eval -252,14] [%emt 0:01:03] (Qb3) } 22...a5
{ [%eval -258,11] [%emt 0:00:44] (a5) } 23.Kd1
{ [%eval -251,13] [%emt 0:00:38] (a3) } 23...Rxh2
{ [%eval -347,11] [%emt 0:00: 44] (Rg2) } 24.Nc3
{ [%eval -369,13] [%emt 0:01:01] (Bd2) } 24...bxc3
{ [%eval -364,10] [%emt 0:00:43] (Bg4) } 25.Qxb8
{ [%eval -262,13] [%emt 0:00:37] (Qxb8) } 25...Rg2
{ [%eval -369,12] [%emt 0:00:42] (Rg2) } 26.bxc3
{ [%eval -257,13] [%emt 0:00:37] (bxc3) } 26...Bg4
{ [%eval -364,11] [%emt 0:00:41] (Bg4) } 27.Kc2
{ [%eval -256,13] [%emt 0:00:37] (Kc2) } 27...Nf6
{ [%eval -371,11] [%emt 0:00:40] (a4) } 28.Qb7
{ [%eval -274,12] [%emt 0:00:37] (Qb6) } 28...Rxe2+
{ [%eval -395,11] [%emt 0:00:40] (Bxe2) } 29.Kb3
{ [%eval -313,12] [%emt 0:00:37] (Kb3) } 29...Ne4
{ [%eval -390,11] [%emt 0:00:35] (Ne4) } 30.Ka4
{ [%eval -336,12] [%emt 0:00:37] (Qxc6) } 30...Rc8
{ [%eval -421,11] [%emt 0:00:38] (Nxc3) } 31.Bb2
{ [%eval -332,12] [%emt 0:00:37] (Bb2) } 31...Rxe3
{ [%eval -419,11] [%emt 0:00:37] (Rxe3) } 32.Rg1
{ [%eval -349,12] [%emt 0:00:37] (Rf1) } 32...Be6
{ [%eval -472,11] [%emt 0:00:37] (Be6) } 33.Rc1
{ [%eval -368,13] [%emt 0:00:37] (Rc1) } 33...Nd2
{ [%eval -499,11] [%emt 0:00:31] (Nd2) } 34.Rc2
{ [%eval -371,14] [%emt 0:00:37] (Rc2) } 34...Nc4
{ [%eval -502,12] [%emt 0: 00:29] (Nc4) } 35.Bc1
{ [%eval -522,13] [%emt 0:00:44] (Bc1) } 35...Rf3
{ [%eval -531, 11] [%emt 0:00:27] (Bf5) } 36.Bb2
{ [%eval -474,12] [%emt 0:00:44] (Re2) } 36...Bg4
{ [%eval -599,11] [%emt 0:00:25] (Bg4) } 37.Rg2
{ [%eval -523,14] [%emt 0:00:35] (Rg2) } 37...Rf7
{ [%eval -624,11] [%emt 0:00:24] (Rg3) } 38.Qb3
{ [%eval -518,13] [%emt 0:00:35] (Qb3) } 38...Rb7
{ [%eval -634,11] [%emt 0:00:21] (Bh5) } 39.Qxb7
{ [%eval -459,15] [%emt 0:00:35] (Qxb7) } 39...Bd1+
{ [%eval -617,12] [%emt 0:00:20] (Bd1) } 40.Qb3
{ [%eval -457,16] [%emt 0:00:35] (Qb3) } 40...Bxb3+
{ [%eval -604,11] [%emt 0:00:12] (Bxb3) } 41.axb3
{ [%eval -456,16] [%emt 0:00:37] (axb3) } 41...Nxb2+
{ [%eval -616,14] [%emt 0:00:42] (Nxb2) } 42.Rxb2
{ [%eval -453,17] [%emt 0:00:37] (Rxb2) } 42...Ra8
{ [%eval -627,15] [%emt 0:00:49] (Ra8) } 43.Re2
{ [%eval -453,16] [%emt 0:00:37] (Re2) } 43...g5
{ [%eval -622,14] [%emt 0:00:49] (Kf7) } 44.Rh2
{ [%eval -455,15] [%emt 0:00:37] (Re6) } 44...Bf6
{ [%eval -692,14] [%emt 0:00:48] (Ra7) } 45.Ka3
{ [%eval -458,16] [%emt 0:00:37] (Rd2) } 45...Kg7
{ [%eval -751,14] [%emt 0: 00:46] (Kg7) } 46.Kb2
{ [%eval -461,16] [%emt 0:00:37] (Kb2) } 46...g4
{ [%eval -799, 14] [%emt 0:00:53] (Kg6) } 47.Kc2
{ [%eval -469,15] [%emt 0:00:37] (Kc2) } 47...Re8
{ [%eval -800,14] [%emt 0:00:44] (Kg6) } 48.Kd3
{ [%eval -471,15] [%emt 0:00:37] (Kd3) } 48...Bg5
{ [%eval -860,14] [%emt 0:00:52] (Rb8) } 49.Rg2
{ [%eval -506,15] [%emt 0:01:18] (c4) } 49...Re3+
{ [%eval -850,14] [%emt 0:00:45] (Re3) } 50.Kc2
{ [%eval -541,16] [%emt 0:00:36] (Kc2) } 50...g3
{ [%eval -916,14] [%emt 0:00:51] (g3) } 51.c4
{ [%eval -545,15] [%emt 0:00:36] (c4) } 51...dxc4
{ [%eval -996,15] [%emt 0:01: 25] (Rf3) } 52.bxc4
{ [%eval -829,15] [%emt 0:01:16] (bxc4) } 52...h5
{ [%eval -996,14] [%emt 0:00:47] (Rf3) } 53.d5
{ [%eval -575,13] [%emt 0:00:34] (d5) } 53...h4
{ [%eval -1115,14] [%emt 0:00:47] (h4) } 54.dxc6
{ [%eval -738,13] [%emt 0:00:34] (dxc6) } 54...Bf4
{ [%eval -1123,13] [%emt 0:00:40] (h3) } 55.Rd2
{ [%eval -581,12] [%emt 0:00: 34] (c7) } 55...Re7
{ [%eval -1368,13] [%emt 0:00:38] (Re6) } 56.Rd1
{ [%eval -1093,12] [%emt 0:00:34] (Rd7) } 56...h3
{ [%eval -1618,12] [%emt 0:00:37] (g2) } 57.Rf1
{ [%eval -1320,10] [%emt 0:00:34] (Rd7) } 57...g2
{ [%eval -1895,12] [%emt 0:00:35] (g2) } 58.Ra1
{ [%eval 30790,11] [%emt 0:00:46] (Rg1) } 58...h2
{ [%eval -15984,11] [%emt 0:00:38] (h2) } 59.Ra3
{ [%eval 30789,6] [%emt 0:00:00] (c7) } 59...h1=Q
{ [%eval -15990,11] [%emt 0:00:38] (a4) } 60.Kc3
{ [%eval 30785,4] [%emt 0:00:00] (Rxa5) } 60...Qe1+
{ [%eval -15992,9] [%emt 0:00:37] (g1=R) } 61.Kb3
{ [%eval 30775,2] [%emt 0: 00:00] (Kb3) } 61...Re3+
{ [%eval -15994,9] [%emt 0:00:37] (Re3) } 62.Kc2
{ [%eval 30773,1] [%emt 0:00:00] (Kc2) } 62...Rxa3 63.Kb2
{ [%eval 30771,1] [%emt 0:00:00] (Kb2) } 63...Qc1# 0-1

[Event "41st Amateur D7"]
[Site "ChessGUI4"]
[Date "2013.07.04"]
[Round "5.4"]
[White "MadChess 1.2"]
[Black "Gibbon 2.57a 64-bit"]
[Result "1-0"]
[BlackElo "2251"]
[ECO "D86"]
[EventDate "2013.??.??"]
[TimeControl "40/1500:40/1500:40/1500"]
[WhiteElo "2200"]

{ i5 Quad } 1.d4 Nf6 2.c4 g6 3.Nc3 d5 4.cxd5 Nxd5 5.e4 Nxc3 6.bxc3 Bg7 7.Bc4 c5 8.Ne2 Nc6 9.Be3 cxd4
{ [%eval -21,12] [%emt 0:01:49] (O-O) } 10.cxd4
{ [%eval 40,11] [%emt 0:00:35] (cxd4) } 10...Qa5+
{ [%eval -24,13] [%emt 0:01:40] (O-O) } 11.Qd2
{ [%eval 24,10] [%emt 0:00:36] (Bd2) } 11...Qxd2+
{ [%eval -6,13] [%emt 0:00:47] (Qxd2) } 12.Kxd2
{ [%eval 19,13] [%emt 0:01:07] (Kxd2) } 12...O-O
{ [%eval 2,13] [%emt 0:00:30] (O-O) } 13.Rac1
{ [%eval 12,12] [%emt 0:01:28] (Rab1) } 13...Rd8
{ [%eval -2,13] [%emt 0:00:39] (Rd8) } 14.d5
{ [%eval 22,11] [%emt 0:00:24] (d5) } 14...f5
{ [%eval -3,12] [%emt 0:00:38] (Ne5) } 15.f3
{ [%eval 25,10] [%emt 0:01:06] (f3) } 15...Ne5
{ [%eval -3,12] [%emt 0: 00:45] (Bf6) } 16.Nd4
{ [%eval 20,10] [%emt 0:00:38] (Bb3) } 16...fxe4
{ [%eval 4,12] [%emt 0:00:21] (Bd7) } 17.fxe4
{ [%eval 26,11] [%emt 0:00:29] (fxe4) } 17...Bd7
{ [%eval -2,12] [%emt 0:00:30] (Ng4) } 18.Be2
{ [%eval 30,11] [%emt 0:00:21] (Be2) } 18...Nf7
{ [%eval -13,12] [%emt 0:00:13] (Nf7) } 19.h3
{ [%eval 33,11] [%emt 0:00: 46] (Nf3) } 19...Be5
{ [%eval 2,12] [%emt 0:00:23] (Nd6) } 20.Bd3
{ [%eval 54,11] [%emt 0:00:45] (Rhf1) } 20...Rac8
{ [%eval 4,12] [%emt 0:00:14] (Rf8) } 21.Rxc8
{ [%eval 48,12] [%emt 0:00:58] (Nf3) } 21...Bxc8
{ [%eval -7,12] [%emt 0:00:07] (Rxc8) } 22.Nf3
{ [%eval 87,11] [%emt 0:00:43] (Nf3) } 22...Bb8
{ [%eval -7,14] [%emt 0:00:27] (Bb8) } 23.Rf1
{ [%eval 67,10] [%emt 0:00:28] (Rb1) } 23...Bd7
{ [%eval 0,14] [%emt 0: 00:37] (b6) } 24.Bc5
{ [%eval 58,12] [%emt 0:01:06] (Rc1) } 24...Bd6
{ [%eval 0,12] [%emt 0:00:17] (Bf4) } 25.Bxd6
{ [%eval 84,13] [%emt 0:00:35] (Bd4) } 25...exd6
{ [%eval -30,13] [%emt 0:00:04] (exd6) } 26.Rb1
{ [%eval 78,13] [%emt 0:00:33] (Rc1) } 26...Bc8
{ [%eval -32,15] [%emt 0:00:20] (Rb8) } 27.Rc1
{ [%eval 110,13] [%emt 0:01:02] (Rc1) } 27...a6
{ [%eval -69,15] [%emt 0:00:24] (Rf8) } 28.Rc7
{ [%eval 113, 13] [%emt 0:00:24] (Rc7) } 28...Re8
{ [%eval -87,15] [%emt 0:00:25] (Rf8) } 29.a4
{ [%eval 97,14] [%emt 0:00:58] (h4) } 29...Rd8
{ [%eval -76,14] [%emt 0:00:16] (h6) } 30.a5
{ [%eval 134,13] [%emt 0:00:20] (h4) } 30...h6
{ [%eval -83,14] [%emt 0:00:12] (Re8) } 31.Nd4
{ [%eval 137,13] [%emt 0:00:51] (h4) } 31...Re8
{ [%eval -120,15] [%emt 0:00: 15] (Re8) } 32.Bc2
{ [%eval 122,14] [%emt 0:00:57] (Ne6) } 32...Kg7
{ [%eval -63,16] [%emt 0:00:15] (Kg7) } 33.h4
{ [%eval 119,14] [%emt 0:00:42] (Ba4) } 33...Kf6
{ [%eval -37,16] [%emt 0:00:24] (Kf6) } 34.Kc3
{ [%eval 128,13] [%emt 0:00:25] (Ke3) } 34...Ne5
{ [%eval -29,14] [%emt 0:00:14] (g5) } 35.g3
{ [%eval 112,13] [%emt 0: 00:56] (Nf3) } 35...Rh8
{ [%eval 4,14] [%emt 0:00:19] (Ng4) } 36.Kd2
{ [%eval 118,12] [%emt 0:00:27] (Bd1) } 36...Rd8
{ [%eval 0,14] [%emt 0:00:14] (Rd8) } 37.Bd1
{ [%eval 113,12] [%emt 0:00:25] (Ke3) } 37...Re8
{ [%eval 0,15] [%emt 0:00:18] (Re8) } 38.Ba4
{ [%eval 110,14] [%emt 0:01:34] (Ba4) } 38...Rg8
{ [%eval 0,15] [%emt 0:00:15] (Rd8) } 39.Ne6
{ [%eval 140,13] [%emt 0:01:00] (Ne6) } 39...Nf3+
{ [%eval 0,16] [%emt 0:00:35] (g5) } 40.Kd3
{ [%eval 140,13] [%emt 0:00:24] (Ke3) } 40...Ne5+
{ [%eval -23,16] [%emt 0:00:38] (Ne5) } 41.Ke2
{ [%eval 119,14] [%emt 0:01:40] (Ke3) } 41...Ng4
{ [%eval -12, 16] [%emt 0:00:45] (g5) } 42.Kf3
{ [%eval 117,15] [%emt 0:01:31] (Bd7) } 42...Ne5+
{ [%eval -12,16] [%emt 0:00:54] (Ne5) } 43.Ke3
{ [%eval 114,14] [%emt 0:00:55] (Ke3) } 43...g5
{ [%eval -12,16] [%emt 0:00:54] (Ng4) } 44.h5
{ [%eval 128,15] [%emt 0: 00:54] (hxg5) } 44...Ng4+
{ [%eval -26,16] [%emt 0:00:33] (Ng4) } 45.Kd4
{ [%eval 117, 16] [%emt 0:00:55] (Kd4) } 45...Ne5
{ [%eval -70,18] [%emt 0:00:31] (Ne5) } 46.Kc3
{ [%eval 106,15] [%emt 0:01:04] (Rh7) } 46...Ng4
{ [%eval 0,17] [%emt 0:01:03] (Ng4) } 47.Kd3
{ [%eval 93,14] [%emt 0:00:51] (Kd4) } 47...Ne5+
{ [%eval -57,17] [%emt 0:00: 53] (Ne5) } 48.Ke2
{ [%eval 97,14] [%emt 0:00:47] (Kd4) } 48...Ng4
{ [%eval 0,16] [%emt 0:00:25] (Ng4) } 49.Nd4
{ [%eval 104,14] [%emt 0:00:48] (Rh7) } 49...Ne5
{ [%eval 0,16] [%emt 0:00:35] (Ne5) } 50.Kd2
{ [%eval 110,13] [%emt 0:00:25] (Ne6) } 50...Rh8
{ [%eval 0,16] [%emt 0:00:53] (Bg4) } 51.Bd1
{ [%eval 89,14] [%emt 0:02:12] (Bc2) } 51...Re8
{ [%eval -26,17] [%emt 0:01:58] (g4) } 52.Bb3
{ [%eval 84,12] [%emt 0: 00:29] (Be2) } 52...Ng4
{ [%eval 0,16] [%emt 0:00:32] (Ng4) } 53.Bc2
{ [%eval 84,14] [%emt 0:00:30] (Bc2) } 53...Nf2
{ [%eval 0,16] [%emt 0:00:35] (Ne5) } 54.Ke3
{ [%eval 113,14] [%emt 0:00:27] (Ke3) } 54...Ng4+
{ [%eval 0,17] [%emt 0:00:54] (Ng4) } 55.Ke2
{ [%eval 76,14] [%emt 0:00:35] (Kf3) } 55...Ne5
{ [%eval 0,16] [%emt 0:00:26] (Ne5) } 56.Kf2
{ [%eval 104,13] [%emt 0:00:13] (Ke3) } 56...Ng4+
{ [%eval 0,16] [%emt 0:00:28] (Ng4) } 57.Ke1
{ [%eval 92,13] [%emt 0:00:21] (Kf3) } 57...Ne3
{ [%eval 0,16] [%emt 0: 00:30] (Ne5) } 58.Bd3
{ [%eval 108,13] [%emt 0:00:18] (Bd3) } 58...Ng4
{ [%eval 0,17] [%emt 0:01:28] (Nxd5) } 59.Nf3
{ [%eval 105,14] [%emt 0:00:48] (Bc2) } 59...Bf5
{ [%eval 0,15] [%emt 0:00:23] (Rh8) } 60.Nd2
{ [%eval 146,14] [%emt 0:00:30] (Nd2) } 60...Ne5
{ [%eval -18,17] [%emt 0:01:03] (Ne5) } 61.Be2
{ [%eval 102,14] [%emt 0:00: 45] (Bb1) } 61...Bc8
{ [%eval -32,17] [%emt 0:00:29] (Bc8) } 62.Rh7
{ [%eval 102,14] [%emt 0:00:19] (Rh7) } 62...Nf7
{ [%eval -43,17] [%emt 0:00:18] (Rd8) } 63.Nc4
{ [%eval 160,15] [%emt 0:00:26] (Nc4) } 63...Rg8
{ [%eval -63,16] [%emt 0:00:35] (Rf8) } 64.g4
{ [%eval 160,14] [%emt 0:00:13] (Kf2) } 64...Rd8
{ [%eval 0,16] [%emt 0:00:24] (Rd8) } 65.Kf2
{ [%eval 160,15] [%emt 0:00:18] (Kd2) } 65...Rf8
{ [%eval -87,16] [%emt 0:00:24] (Rd7) } 66.Kg3
{ [%eval 158,14] [%emt 0:00:13] (Kf3) } 66...Bd7
{ [%eval -25, 16] [%emt 0:00:16] (Rd8) } 67.Bf3
{ [%eval 174,15] [%emt 0:00:32] (Rxf7) } 67...Bb5
{ [%eval -11,17] [%emt 0:00:17] (Bc8) } 68.Nxd6
{ [%eval 268,17] [%emt 0:00:45] (Nxd6) } 68...Nxd6
{ [%eval -13,18] [%emt 0:00:34] (Nxd6) } 69.Rxh6+
{ [%eval 238,16] [%emt 0:01:19] (Rxh6) } 69...Ke7
{ [%eval -31,18] [%emt 0:00:41] (Ke7) } 70.e5
{ [%eval 209,15] [%emt 0:00:36] (e5) } 70...Nc4
{ [%eval -39,17] [%emt 0:00:51] (Nc4) } 71.Rh7+
{ [%eval 188,14] [%emt 0:00:22] (Rh7) } 71...Ke8
{ [%eval -34,17] [%emt 0:00: 28] (Ke8) } 72.e6
{ [%eval 201,14] [%emt 0:00:17] (e6) } 72...Nd6
{ [%eval -35,16] [%emt 0:00:22] (Rf4) } 73.Rg7
{ [%eval 374,13] [%emt 0:00:15] (Rg7) } 73...Rf6
{ [%eval -80,16] [%emt 0:00:14] (Rf6) } 74.Rxg5
{ [%eval 368,15] [%emt 0:00:24] (Rxg5) } 74...Kf8
{ [%eval -82,16] [%emt 0:00:13] (Kf8) } 75.Re5
{ [%eval 346,14] [%emt 0:00:17] (Re5) } 75...Ke7
{ [%eval -109,16] [%emt 0:00:33] (Ke7) } 76.g5
{ [%eval 357,13] [%emt 0:00:14] (g5) } 76...Rf8
{ [%eval -116,15] [%emt 0:00:11] (Rf8) } 77.g6
{ [%eval 360,13] [%emt 0:00:26] (g6) } 77...Rc8
{ [%eval -119,14] [%emt 0:00:18] (Rg8) } 78.Rg5
{ [%eval 335,15] [%emt 0:00:59] (Re1) } 78...Kf6
{ [%eval -86,14] [%emt 0:00:10] (Kf6) } 79.Rg4
{ [%eval 316,14] [%emt 0:00:15] (Rg4) } 79...Rc4
{ [%eval -85, 14] [%emt 0:00:22] (Nf5) } 80.Rf4+
{ [%eval 303,14] [%emt 0:00:21] (g7) } 80...Nf5+
{ [%eval -109,16] [%emt 0:00:26] (Rxf4) } 81.Kg4
{ [%eval 327,16] [%emt 0:01:02] (Kg4) } 81...Rxf4+
{ [%eval -129,18] [%emt 0:01:04] (Rd4) } 82.Kxf4
{ [%eval 392,15] [%emt 0:00:43] (Kxf4) } 82...Bd3
{ [%eval -129,19] [%emt 0:01:30] (Ba4) } 83.Bg4
{ [%eval 367,17] [%emt 0:01:43] (e7) } 83...Bc2
{ [%eval -130,18] [%emt 0:00:28] (Nd6) } 84.Bxf5
{ [%eval 495,18] [%emt 0:00:51] (Be2) } 84...Bxf5
{ [%eval -354,20] [%emt 0: 00:08] (Bxf5) } 85.g7
{ [%eval 685,19] [%emt 0:00:53] (g7) } 85...Bh7
{ [%eval -841,23] [%emt 0:00:29] (Bh7) } 86.h6
{ [%eval 785,19] [%emt 0:00:41] (d6) } 86...Bg8
{ [%eval -1191,23] [%emt 0:01:04] (Bg8) } 87.Ke4
{ [%eval 959,19] [%emt 0:00:35] (13) } 87...Bh7+
{ [%eval -1290,22] [%emt 0:00:55] (Bh7) } 88.Kd4
{ [%eval 1159,19] [%emt 0: 00:41] (Kd4) } 88...Bg8
{ [%eval -1218,22] [%emt 0:00:37] (Bg8) } 1-0

[Event "41st Amateur D7"]
[Site "ChessGUI4"]
[Date "2013.07.04"]
[Round "5.5"]
[White "ProChess 1.02AD"]
[Black "Waxman 2011"]
[Result "1-0"]
[BlackElo "2256"]
[ECO "A30"]
[EventDate "2013.??.??"]
[TimeControl "40/1500:40/1500:40/1500"]
[WhiteElo "2244"]

{ i5 Quad } 1.Nf3 c5 2.c4 g6 3.d4 Bg7 4.e4 d6 5.Nc3 Nc6 6.Be3 Bg4 7.dxc5 dxc5 8.Qxd8+ Rxd8 9.Bxc5 Bxc3+
{ [%eval 30,12] [%emt 0:00:15] (Bxc3) } 10.bxc3
{ [%eval 73,16] [%emt 0:01:00] (bxc3) } 10...Nf6
{ [%eval 36,14] [%emt 0:00:47] (Nf6) } 11.Nd4
{ [%eval 45,15] [%emt 0:00:36] (Nd4) } 11...Nxe4
{ [%eval 17,14] [%emt 0:00:53] (Nxe4) } 12.Nxc6
{ [%eval 37,15] [%emt 0: 01:01] (Nxc6) } 12...bxc6
{ [%eval 9,14] [%emt 0:00:37] (bxc6) } 13.Bxa7
{ [%eval 33, 15] [%emt 0:01:27] (Bxa7) } 13...Nxc3
{ [%eval 2,14] [%emt 0:00:34] (Nxc3) } 14.f3
{ [%eval 35,14] [%emt 0:03:19] (Bb6) } 14...Bf5
{ [%eval -1,14] [%emt 0:01:06] (Bf5) } 15.a4
{ [%eval 40,13] [%emt 0:01:07] (a4) } 15...h5
{ [%eval -23,13] [%emt 0:00:53] (O-O) } 16.a5
{ [%eval 50,12] [%emt 0:01:26] (Bb6) } 16...Bb1
{ [%eval -97,13] [%emt 0: 00:30] (e5) } 17.Ra3
{ [%eval 80,13] [%emt 0:00:43] (Ra3) } 17...Rd1+
{ [%eval -111,14] [%emt 0:00:35] (Rd1) } 18.Kf2
{ [%eval 10,1] [%emt 0:00:00] (Kf2) } 18...Na2
{ [%eval -150,14] [%emt 0:00:54] (Na2) } 19.Be3
{ [%eval 95,11] [%emt 0:00:36] (a6) } 19...Nc1
{ [%eval -154,14] [%emt 0:00:39] (Nc1) } 20.Rc3
{ [%eval 115,13] [%emt 0:00:19] (a6) } 20...Nd3+
{ [%eval -33,15] [%emt 0:00:42] (Nd3) } 21.Ke2
{ [%eval 77,15] [%emt 0:00:44] (Ke2) } 21...Nb2
{ [%eval -33,14] [%emt 0:00:29] (Nb2) } 22.Rb3
{ [%eval 64, 14] [%emt 0:01:01] (Bd2) } 22...Bd3+
{ [%eval -52,16] [%emt 0:00:46] (Bd3) } 23.Kf2
{ [%eval 63,14] [%emt 0:00:19] (Kf2) } 23...Rb1
{ [%eval -77,16] [%emt 0:02:18] (Rb1) } 24.Kg3
{ [%eval 65,14] [%emt 0:00:43] (Kg3) } 24...h4+
{ [%eval -103,16] [%emt 0:01: 36] (h4) } 25.Kh3
{ [%eval 66,14] [%emt 0:00:14] (Kh3) } 25...Rxf1
{ [%eval -100,15] [%emt 0:00:34] (Bf5) } 26.Rxf1
{ [%eval 111,15] [%emt 0:00:17] (Rxf1) } 26...Bf5+
{ [%eval -165,14] [%emt 0:00:55] (Bxf1) } 27.g4
{ [%eval 87,1] [%emt 0:00:00] (g4) } 27...hxg3+ 28.Kxg3
{ [%eval 293,14] [%emt 0:00: 43] (Kxg3) } 28...Rh3+
{ [%eval -345,15] [%emt 0:00:58] (Rh3) } 29.Kg2
{ [%eval 303,14] [%emt 0:00:29] (Kg2) } 29...Nxc4
{ [%eval -351,14] [%emt 0:00:30] (Nxc4) } 30.a6
{ [%eval 299,13] [%emt 0:00:19] (a6) } 30...Nxe3+
{ [%eval -334,14] [%emt 0:00:39] (Nxe3) } 31.Rxe3
{ [%eval 391,15] [%emt 0:00:46] (Rxe3) } 31...Rh5
{ [%eval -432,15] [%emt 0:00:21] (Rh8) } 32.Ra1
{ [%eval 403,12] [%emt 0:00:10] (Ra1) } 32...Bc8 33.a7
{ [%eval 432,15] [%emt 0:00:18] (a7) } 33...Bb7
{ [%eval -445,16] [%emt 0:00:34] (Bb7) } 34.a8=Q+
{ [%eval 461,15] [%emt 0:00:33] (a7a8) } 34...Bxa8
{ [%eval -397,12] [%emt 0:00:48] (Bxa8) } 35.Rxa8+
{ [%eval 475,16] [%emt 0:00:15] (Rxa8) } 35...Kd7
{ [%eval -316,3] [%emt 0:00:00] (Kd7) } 36.Ra7+
{ [%eval 487,16] [%emt 0:00:20] (h3) } 36...Kd6
{ [%eval -532,17] [%emt 0:01:00] (Kd6) } 37.Rexe7
{ [%eval 497,15] [%emt 0:00:27] (Rexe7) } 1-0